 Dungeon Crawl Stone Soup version 0.27.0-1-g7a089689b8 (webtiles) character file.

Game seed: 13919775865044990286

426 Conn the Sneak (level 6, -2/37 HPs)
             Began as an Octopode Fire Elementalist on Aug 14, 2021.
             Slain by an orc (6 damage)
             ... on level 5 of the Dungeon.
             The game lasted 00:12:40 (4532 turns).

Conn the Sneak (Octopode Fire Elementalist)         Turns: 4532, Time: 00:12:41

Health: -2/37      AC:  1    Str:  7    XL:     6   Next: 97%
Magic:  1/11       EV: 13    Int: 20    God:
Gold:   265        SH:  0    Dex: 12    Spells: 3/12 levels left

rFire    . . .     SeeInvis .   b - +0 short sword (flame)
rCold    . . .     Faith    +   (no shield)
rNeg     . . .     Spirit   .   (helmet restricted)
rPois    .         Reflect  .   c - amulet of faith
rElec    .         Harm     .   (no ring)
rCorr    .         Rampage  .   (no ring)
Will     .....                  (no ring)
Stlth    ++++......             (no ring)
HPRegen  0.12/turn              (no ring)
MPRegen  0.12/turn              (no ring)
                                (no ring)
                                (no ring)

@: very slightly contaminated
A: almost no armour, amphibious, 8 rings, camouflage 1, gelatinous body 1,
(nimble swimmer 1), tentacles
a: no special abilities


You were on level 5 of the Dungeon.
You visited 1 branch of the dungeon, and saw 5 of its levels.

You collected 265 gold pieces.

Inventory:

Hand Weapons
 b - a +0 short sword of flaming (weapon)
Missiles
 a - 48 sling bullets
Armour
 i - the +1 buckler of a volcano {rPois Will++}
   (You acquired it on level 1 of the Dungeon)

   rPois:     It protects you from poison.
   Will:      It greatly increases your willpower.
Jewellery
 c - an amulet of faith (around mantle)
Scrolls
 d - 2 scrolls of teleportation {unknown}
 g - 2 scrolls of noise {unknown}
 h - a scroll of amnesia {unknown}
Potions
 e - a potion of attraction {unknown}
 f - a potion of berserk rage {unknown}


   Skills:
 + Level 0.5 Fighting
 + Level 1.6 Short Blades
 + Level 2.2 Dodging
 + Level 4.4 Stealth
 * Level 1.2 Shields
 + Level 3.5 Spellcasting
 + Level 3.8 Conjurations
 + Level 3.9 Fire Magic


You had 3 spell levels left.
You knew the following spells:

 Your Spells              Type           Power      Damage    Failure   Level
a - Foxfire               Conj/Fire      76%        2x1d7     2%          1
b - Conjure Flame         Conj/Fire      19%        6-21      9%          3
c - Inner Flame           Hex/Fire       11%        N/A       19%         3
f - Blink                 Tloc           N/A        N/A       21%         2

Your spell library contained the following spells:

 Spells                   Type           Power      Damage    Failure   Level
 Summon Small Mammal      Summ           12%        N/A       14%         1
 Call Canine Familiar     Summ           3%         N/A       38%         3
 Lesser Beckoning         Tloc           1%         N/A       38%         3
 Ozocubu's Armour         Ice            3%         N/A       38%         3
 Summon Guardian Golem    Hex/Summ       3%         N/A       38%         3
 Sticky Flame             Conj/Fire      19%        2d4       26%         4
 Fireball                 Conj/Fire      9%         3d6       58%         5
 Manifold Assault         Tloc           3%         N/A       98%         5
 Metabolic Englaciation   Hex/Ice        1%         N/A       98%         5
 Simulacrum               Ice/Necr       1%         N/A       100%        6


Dungeon Overview and Level Annotations

Branches:
Dungeon (5/15)
 Temple: D:4-7

Altars:
Elyvilon
Gozag


Innate Abilities, Weirdness & Mutations

You cannot wear most types of armour.
You are amphibious.
You can wear up to eight rings at the same time.
Your skin changes colour to match your surroundings (Stealth+).
Your rubbery body absorbs attacks. (AC +1, EV +1)
((You are camouflaged near water. (Stealth+)))
You have tentacles for arms and can constrict up to eight enemies at once.


Message History

The bullfrog skeleton hits you.
* * * LOW HITPOINT WARNING * * *
The orc misses you.
You release your grip on the bullfrog skeleton.
The orc hits you with a +0 dagger.
* * * LOW HITPOINT WARNING * * *
The bullfrog skeleton misses you.
There is a stone staircase leading up here.
Casting: Foxfire (safe; 2% risk of failure)
Confirm with . or Enter, or press ? or * to list all spells.
Okay, then.
Unknown command.
Unknown command.
Unknown command.
Casting: Foxfire (safe; 2% risk of failure)
Confirm with . or Enter, or press ? or * to list all spells.
You conjure some foxfire!
Unknown command.
Casting: Foxfire (safe; 2% risk of failure)
Confirm with . or Enter, or press ? or * to list all spells.
You miscast Foxfire.
You are very lightly contaminated with residual magic.
Nothing appears to happen.
The foxfire hits the orc but does no damage.
The foxfire hits the orc.
The orc is lightly wounded.
You hit the orc but do no damage. You grab the orc.
The orc is lightly wounded.
You constrict the orc, but do no damage.
The orc struggles to escape constriction.
Casting: Foxfire (safe; 2% risk of failure)
Confirm with . or Enter, or press ? or * to list all spells.
You conjure some foxfire!
You constrict the orc. The orc hits you with a +3 dagger.
* * * LOW HITPOINT WARNING * * *
Unknown command.
You release your grip on the orc.
The foxfire hits the orc.
The orc is heavily wounded.
The orc hits you with a +3 dagger.
You die...

......#..#
#...).###
#......#
....§.#..###
(...#§#Z.<#
=.. #§#.o##
. #§#o##
#§o.# #@..#
#.....##
#.######


You could see 3 orcs.

Vanquished Creatures
  A water moccasin zombie (D:3)
  A scorpion (D:4)
  Crazy Yiuf (D:2)
  An orc priest (D:4)
  2 orc wizards (D:4)
  An iguana (D:4)
  A hound skeleton (D:4)
  Robin (D:1)
  6 adders
  A worm (D:2)
  15 orcs
  6 bats
  7 endoplasms
  2 giant cockroaches
  9 goblins
  11 hobgoblins
  3 jackals (D:2)
  6 kobolds
  4 ball pythons
  3 frilled lizards (D:1)
  8 rats
90 creatures vanquished.

Vanquished Creatures (others)
  260 foxfires
260 creatures vanquished.

Grand Total: 350 creatures vanquished

Notes
Turn   | Place    | Note
-------+----------+-------------------------------------------
     0 | D:1      | Conn the Octopode Fire Elementalist began the quest for the
                  | Orb.
     0 | D:1      | Reached XP level 1. HP: 11/11 MP: 3/3
   222 | D:1      | Reached skill level 3 in Stealth
   272 | D:1      | Reached XP level 2. HP: 17/17 MP: 1/5
  1114 | D:2      | Noticed Robin
  1119 | D:1      | Identified a scroll of acquirement
  1119 | D:1      | Acquired the +1 buckler of a volcano {rPois Will++}
  1180 | D:1      | Reached XP level 3. HP: 14/21 MP: 6/6
  1487 | D:2      | Found a faded altar of an unknown god.
  1912 | D:2      | Reached XP level 4. HP: 27/27 MP: 2/7
  2001 | D:2      | Found a runed translucent door.
  2002 | D:2      | Noticed Crazy Yiuf
  2039 | D:1      | Learned a level 3 spell: Conjure Flame
  2043 | D:1      | Learned a level 3 spell: Inner Flame
  2128 | D:2      | Killed Crazy Yiuf
  2463 | D:3      | Reached skill level 4 in Stealth
  2715 | D:3      | Reached XP level 5. HP: 31/31 MP: 5/9
  3069 | D:1      | Killed Robin
  3215 | D:4      | Reached XP level 6. HP: 37/37 MP: 4/10
  3385 | D:4      | Reached skill level 1 in Short Blades
  3605 | D:4      | Learned a level 2 spell: Blink
  3720 | D:4      | Reached skill level 1 in Shields
  4132 | D:4      | Found an opulent altar of Gozag.
  4132 | D:4      | Found a white marble altar of Elyvilon.
  4300 | D:5      | Entered Level 5 of the Dungeon
  4532 | D:5      | Slain by an orc

Illustrated notes

Levels and vault maps discovered:
D:1:      minmay_arrival_wavy_path, layout_basic
D:2:      layout_rooms, hellmonk_ecumenical_altar_prayer_group, uniq_robin,
          uniq_crazy_yiuf_cottage
D:3:      layout_basic
D:4:      layout_gridville, jmf_multi_god_temple, kennysheep_crisscross
D:5:      layout_cave_pools, mainiacjoe_overflow_boulevard,
          ashenzari_conservatory_becter, kennysheep_small_spiral

Skill      XL: |  1  2  3  4  5  6 |
---------------+-------------------+-----
Stealth        | 3 4 |  4.4
Conjurations   | 2 3 |  3.8
Spellcasting   | 3 |  3.5
Short Blades   | 1 |  1.6
Shields        | 1 |  1.2
Fighting       | |  0.5
Dodging        | |  2.2
Fire Magic     | |  3.9

Action                   |  1- 3 |  4- 6 || total
-------------------------+-------+-------++-------
Melee: Short sword       |    20 |    28 ||    48
       Constrict         |     5 |     9 ||    14
       Tentacles         |     3 |     5 ||     8
 Cast: Foxfire           |    69 |    87 ||   156
       Conjure Flame     |       |     2 ||     2
       Inner Flame       |       |     1 ||     1
  Use: Scroll            |     2 |       ||     2
 Stab: Sleeping          |     3 |     2 ||     5
Armor: Skin              |       |     2 ||     2
Dodge: Dodged            |    18 |    26 ||    44
